 Dungeon Crawl Stone Soup version 0.29-a0-222-g5b244fca1f (webtiles) character file.

Game seed: 7927653057303514707

588 Majang the Sneak (level 7, -1/34 HPs)
             Began as a Felid Delver on Feb 27, 2022.
             Was a Believer of Wu Jian.
             Splashed by a jelly's acid (5 damage)
             ... on level 5 of the Dungeon.
             The game lasted 00:18:20 (5018 turns).

Majang the Sneak (Felid Delver)                     Turns: 5018, Time: 00:18:22

Health: -1/34      AC: -6    Str: 10    XL:     7   Next: 15%
Magic:  11/11      EV: 19    Int: 12    God:    Wu Jian [**....]
Gold:   213        SH:  0    Dex: 17    Spells: 10/10 levels left
                                        Lives:  0   Deaths: 2

rFire   . . .      SeeInvis +     - Unarmed
rCold   . . .      Faith    .   (shield unavailable)
rNeg    . . .      Spirit   .   (body armour unavailable)
rPois   .          Reflect  .   (helmet unavailable)
rElec   .          Harm     .   (cloak unavailable)
rCorr   .          Rampage  .   (gloves unavailable)
Will    +....                   (boots unavailable)
Stlth   ++++......              (no amulet)
HPRegen 0.11/turn               (no ring)
MPRegen 0.12/turn               (no ring)

@: corroded, quick
A: very small, claws 1, fangs 3, see invisible, speed 1, shaggy fur 2, stealthy
paws, no weapons or thrown items, no armour, multi-lived
a: Renounce Religion, Wall Jump


You were on level 5 of the Dungeon.
You worshipped Wu Jian.
Wu Jian was pleased with you.
You visited 1 branch of the dungeon, and saw 5 of its levels.

You collected 213 gold pieces.

Inventory:

Jewellery
 p - an amulet of regeneration
Wands
 e - a wand of digging (3)
 g - a wand of iceblast (8)
 w - a wand of flame (1)
Scrolls
 a - 2 scrolls of fog
 b - a scroll of amnesia {unknown}
 c - a scroll of fear
 f - 2 scrolls of immolation {unknown}
 h - 2 scrolls of vulnerability {unknown}
 i - a scroll of magic mapping
 j - 4 scrolls of identify {unknown}
 m - 3 scrolls of holy word {unknown}
 n - a scroll of teleportation {unknown}
 o - a scroll of acquirement {unknown}
 t - a scroll of enchant armour {unknown}
 u - a scroll of noise {unknown}
 v - a scroll of blinking {unknown}
Potions
 d - a potion of haste
 r - a potion of degeneration {unknown}
 s - a potion of mutation {unknown}


   Skills:
 + Level 5.7 Fighting
 + Level 4.6 Dodging
 + Level 7.8 Stealth
 * Level 7.2 Unarmed Combat
 + Level 2.4 Spellcasting
 + Level 2.9 Evocations


You had 10 spell levels left.
You didn't know any spells.
Your spell library contained the following spells:

 Spells                   Type           Power      Damage    Failure   Level
 Summon Small Mammal      Summ           4%         N/A       26%         1
 Call Canine Familiar     Summ           1%         N/A       61%         3
 Stone Arrow              Conj/Erth      2%         3d7       61%         3
 Summon Guardian Golem    Hex/Summ       1%         N/A       61%         3
 Lehudib's Crystal Spear  Conj/Erth      0%         10d2      100%        8
 Animate Armour           Summ/Erth      Unusable   N/A       N/A         4

Dungeon Overview and Level Annotations

Branches:
Dungeon (5/15)
 Temple: D:4-7

Altars:
Wu Jian

Annotations:
D:5 2 transporters, Aksej's ghost, novice DsMo


Innate Abilities, Weirdness & Mutations

You have sharp claws.
You have razor-sharp teeth.
You have supernaturally acute eyesight. (SInv)
You cover ground quickly. (Speed+)
You are covered in thick fur. (AC +2)
Your paws help you pounce on unaware monsters.
You are incapable of wielding weapons or throwing items.
You cannot wear armour.
You gain extra lives every three experience levels.


Message History

A jelly is nearby!
You start resting.
You hear a distant slurping noise. x3
A jelly is nearby!
You start resting.
A jelly is nearby!
You start resting.
A jelly is nearby!
There is an open door here.
You close the door.
You start resting.
You hear a slurping noise.
The jelly eats the door!
You claw the jelly!
Your paws burn!
The jelly is moderately wounded.
The jelly barely misses you.
You scratch the jelly. The acid corrodes you!
Your paws burn!
The jelly is moderately wounded.
The jelly misses you.
Aiming: Wall Jump
Press: ? - help, Dir - move target You attack the jelly from above.
You scratch the jelly.
Your paws burn!
The jelly is moderately wounded.
The jelly completely misses you. The jelly closely misses you.
Unknown command.
You scratch the jelly.
Your paws burn!
You bite the jelly, but do no damage.
The jelly is moderately wounded.
Aiming: Wall Jump
Press: ? - help, Dir - move target You repeatedly attack the jelly from above.
You claw the jelly!
Your paws burn!
* * * LOW HITPOINT WARNING * * *
The jelly is heavily wounded.
You scratch the jelly but do no damage.
Your paws burn!
* * * LOW HITPOINT WARNING * * *
The jelly is heavily wounded.
The jelly completely misses you. The jelly hits you.
* * * LOW HITPOINT WARNING * * *
The acid corrodes you!
You are splashed with acid.
You die...

##...........#....#.,*#..#...##..
.#.....#.....#....#,*..#.#...##..
.#.#.####....#....#,,....#...'...
...#...,#....#....########...#...
.########....#?...#......#...##..
.............#....#....(.######..
##...........#....#.........[.#..
#..............○○°#...........#..
.............#.J@○#...........+..
+............#.°○○#...........##'
#....##+#....#....#<.....#####...
#....#,,#....#....#......#,,,#.[.
.....#,......#....#......#<,,#...
.###**..#.........#......#,,,+...
,* *...#....#....#......#,,,#...
,* *..,#....#....#.|....#,,,#...
,* **,,*,,,,#...##......#,**#...


You could see a jelly.

Vanquished Creatures
  Grinder (D:3)
  Edmund (D:4)
  A water moccasin (D:5)
  An ice beast (D:5)
  A necrophage (D:4)
  An ogre (D:4)
  A phantom (D:5)
  2 scorpions
  A howler monkey (D:5)
  5 jellies (D:5)
  Jessica (D:3)
  Ijyb (D:3)
  Natasha (thrice) (D:4)
  2 orc wizards (D:5)
  5 adders
  3 dart slugs
  2 orcs (D:5)
  5 endoplasms
  2 giant cockroaches (D:1)
  10 goblins
  2 hobgoblins
  4 jackals (D:4)
  6 kobolds
  2 quokkas (D:2)
  6 ball pythons
  2 bats
  6 frilled lizards
  4 rats
81 creatures vanquished.

Notes
Turn   | Place    | Note
-------+----------+-------------------------------------------
     0 | D:5      | Majang the Felid Delver began the quest for the Orb.
     0 | D:5      | Reached XP level 1. HP: 10/10 MP: 2/2
    32 | D:5      | Noticed a jelly
    84 | D:5      | Noticed a scorpion
    89 | D:5      | Killed a scorpion
    90 | D:5      | Reached XP level 2. HP: 14/14 MP: 3/3
    90 | D:5      | Reached XP level 3. HP: 17/17 MP: 4/4
   467 | D:3      | Noticed Jessica
   475 | D:3      | Killed Jessica
   476 | D:3      | Reached XP level 4. HP: 17/22 MP: 5/5
   557 | D:3      | Noticed Ijyb
   564 | D:3      | Killed Ijyb
  1320 | D:1      | Found a faded altar of an unknown god.
  1326 | D:1      | Prayed at the altar of an unknown god.
  1326 | D:1      | Became a worshipper of the Wu Jian Council
  1326 | D:1      | Reached * piety under Wu Jian
  1390 | D:1      | Reached XP level 5. HP: 22/25 MP: 6/6
  2154 | D:2      | Identified the +5 dagger of Gozag's Inspiration {venom,
                  | rElec rC+}
  2846 | D:3      | Noticed Grinder
  2853 | D:3      | Killed Grinder
  2853 | D:3      | Reached ** piety under Wu Jian
  2854 | D:3      | Reached skill level 5 in Unarmed Combat
  2854 | D:3      | Gained mutation: You are covered in thick fur. (AC +2)
                  | [Felid growth]
  2854 | D:3      | Reached XP level 6. HP: 30/30 MP: 7/7
  2982 | D:4      | Noticed Edmund
  2991 | D:4      | Killed Edmund
  2992 | D:4      | Reached skill level 5 in Fighting
  2992 | D:4      | Reached skill level 1 in Evocations
  2992 | D:4      | Reached XP level 7. HP: 33/33 MP: 7/9
  3162 | D:4      | Reached skill level 1 in Spellcasting
  3486 | D:4      | Noticed Natasha
  3490 | D:4      | Killed Natasha
  3512 | D:4      | Noticed Natasha
  3516 | D:4      | Killed Natasha
  3765 | D:4      | Noticed Natasha
  3780 | D:4      | HP: 1/33 [Natasha (7)]
  3789 | D:4      | Slain by Natasha
  3790 | D:4      | Reached XP level 6. HP: 0/30 MP: 9/9
  3863 | D:4      | Killed Natasha
  3988 | D:5      | Found a transporter.
  4246 | D:5      | Noticed an ice beast
  4249 | D:5      | Killed an ice beast
  4250 | D:5      | Reached XP level 7. HP: 33/33 MP: 10/10
  4256 | D:5      | Noticed Aksej's ghost (novice DsMo)
  4257 | D:5      | Identified the +3 great mace "Reduquex" {venom, Str+3}
  4268 | D:5      | Found a transporter.
  4660 | D:5      | Splashed by a jelly's acid
  4661 | D:5      | Reached XP level 6. HP: -2/30 MP: 10/10
  4738 | D:5      | Reached XP level 7. HP: 12/34 MP: 11/11
  4787 | D:5      | HP: 1/34 [acid (9)]
  5018 | D:5      | Splashed by a jelly's acid

Illustrated notes

Levels and vault maps discovered:
D:1:      dpeg_arrival_ternary, layout_basic,
          dreamdust_ecumenical_altar_angels_and_demons
D:2:      layout_loops_corners, st_stairs_4, minmay_misc_feat_diagonals
D:3:      layout_basic, uniq_ijyb, uniq_jessica, uniq_grinder
D:4:      layout_basic, serial_bayou_pond_e, uniq_natasha, uniq_edmund
D:5:      nicolae_cairo_tiling_large, layout_gridville, gammafunk_ghost_smash

Skill      XL: |  1  2  3  4  5  6  7 |
---------------+----------------------+-----
Unarmed Combat | 3 4 5 6 7 |  7.2
Fighting       | 4 5 |  5.7
Dodging        | 3 4 |  4.6
Evocations     | 2 |  2.9
Stealth        | 7 |  7.8
Spellcasting   | 2 |  2.4

Action                   |  1- 3 |  4- 6 |  7- 9 || total
-------------------------+-------+-------+-------++-------
Melee: Unarmed           |     7 |   107 |   105 ||   219
       Bite              |       |    12 |    12 ||    24
       Punch             |       |     2 |     6 ||     8
Invok: Lunge             |       |    12 |     7 ||    19
       Whirlwind         |       |     2 |     6 ||     8
 Abil: Wall Jump         |       |     2 |    20 ||    22
  Use: Scroll            |     1 |       |       ||     1
       Potion            |       |       |     6 ||     6
 Stab: Sleeping          |     2 |    26 |     4 ||    32
       Distracted        |       |       |     3 ||     3
Armor: Skin              |       |     1 |     3 ||     4
Dodge: Dodged            |     8 |    44 |    78 ||   130

Table legend: (Time is in decaauts)
 A = Elapsed time spent in this place.
 B = Non-inter-level travel time spent in this place.
 C = Inter-level travel time spent in this place.
 D = Time resting spent in this place.
 E = Time spent auto-exploring this place.
 F = Levels seen in this place.
 G = Mean time per level.
                   A        B        C        D        E       F      G
               +--------+--------+--------+--------+--------+-----+--------+
         Total |   4395 |   4335 |     60 |   1378 |   1977 |   5 |  879.0 |
       Dungeon |   4395 |   4335 |     60 |   1378 |   1977 |   5 |  879.0 |
               +--------+--------+--------+--------+--------+-----+--------+

Top non-repeatable levels by time:
     D:5: 1173 daAuts
     D:4: 1085 daAuts
     D:2: 1023 daAuts
     D:1: 680 daAuts
     D:3: 432 daAuts
